 Dungeon Sprint DCSS version 0.26.0-16-gc1dbca0489 (webtiles) character file.

Game seed: 9312515553116698636

3500000 Groucho the Intangible (level 21, -14/142 HPs)
             Began as a Spriggan Abyssal Knight on Jan 18, 2021.
             Was the Champion of Makhleb.
             Demolished by The Servant
             ... wielding a +9 glaive of flaming
              (50 damage)
             ... in the Dungeon (Sprint VIII: "Arena of Blood").
             The game lasted 00:02:32 (35 turns).

Groucho the Intangible (Spriggan Abyssal Knight)      Turns: 35, Time: 00:02:32

Health: -14/142    AC:  4    Str:  8    XL:     21   Next: 1%
Magic:  22/45      EV: 44    Int: 14    God:    Makhleb [******]
Gold:   0          SH:  0    Dex: 25    Spells: 59/59 levels left

rFire    . . .     SeeInvis +   i - +∞ Axe of Woe
rCold    . . .     Faith    .   (shield currently unavailable)
rNeg     . . .     Spirit   .   b - +0 robe
rPois    .         Reflect  .   (helmet restricted)
rElec    .         Harm     .   (no cloak)
rCorr    .         Rampage  .   (gloves unavailable)
Will     +++..     NoTele   +   (boots unavailable)
Stlth    +++++++++.             (no amulet)
HPRegen  0.33/turn              (no ring)
MPRegen  0.29/turn              (no ring)

@: very quick
A: very small, unfitting armour, see invisible, speed 3
a: Renounce Religion, Minor Destruction, Lesser Servant of Makhleb, Major
Destruction, Greater Servant of Makhleb


You were in the Dungeon.
You worshipped Makhleb.
Makhleb was exalted by your worship.
You visited 1 branch

Inventory:

Hand Weapons
 a - a +1 short sword
 i - the +∞ Axe of Woe (weapon)
   (You found it in the Dungeon)
Armour
 b - a +0 robe (worn)
Jewellery
 j - a +30 ring of slaying
 k - a +30 ring of slaying
Scrolls
 h - a scroll of blinking
Potions
 c - a potion of curing
 d - a potion of heal wounds
 e - a potion of haste
 f - 2 potions of magic
 g - a potion of berserk rage


   Skills:
 O Level 27 Fighting
 + Level 18.5(21.1) Short Blades
 + Level 14.7(17.0) Long Blades
 O Level 27 Axes
 + Level 13.6(20.9) Maces & Flails
 + Level 13.6(20.9) Polearms
 O Level 27 Armour
 O Level 27 Dodging
 + Level 24.2 Stealth
 + Level 14.7 Unarmed Combat
 + Level 19.7 Spellcasting
 + Level 17.1 Invocations


You had 59 spell levels left.
You didn't know any spells.
Your spell library was empty.

Dungeon Overview and Level Annotations

Branches:
Dungeon (1/1)

Altars:
Makhleb

Annotations:
D The Servant


Innate Abilities, Weirdness & Mutations

You are very small and have problems with some larger weapons.
You are too small for most types of armour.
You have supernaturally acute eyesight. (SInv)
You cover ground extremely quickly.


Message History

Your base Polearms skill increases to level 13!
Your Stealth skill gained 2 levels and is now at level 24!
Your Unarmed Combat skill increases to level 14!
Your Spellcasting skill increases to level 19!
Your Invocations skill gained 2 levels and is now at level 17!
You have reached level 21!
Your experience leads to an increase in your attributes!
Increase (S)trength, (I)ntelligence, or (D)exterity?
You feel agile.
Unknown command.
You hit the bag of meat but do no damage.
You dissect the bag of meat like a pig carcass.
You kill the bag of meat!
Makhleb accepts your kill.
You hear a shout! x8
The Servant hits you from afar with a +9 glaive of flaming!!!!
Ouch! That really hurt!
* * * LOW HITPOINT WARNING * * *
The Servant burns you!!!
You die...

.. ..... #.
...# #.. ...# .
.###.. ...###.o
......###....O.
......_..V..
#.))))# #_.<@_#
#..)))#
..o.V._.o@..
......###......
.###.. ...###..
#.. ...# . #.
...# .. .....


You could see The Servant, 2 destroyers, a large bag of meat (inner flame) and 3
bags of meat.

Vanquished Creatures
  8 ogres (D)
  16 orcs (D)
24 creatures vanquished.

Notes
Turn   | Place    | Note
-------+----------+-------------------------------------------
     0 | D        | Found the +∞ Axe of Woe
     0 | D        | Groucho the Spriggan Abyssal Knight began the quest for the
                  | Orb.
     0 | D        | Reached XP level 1. HP: 11/11 MP: 3/3
     2 | D        | Noticed a meat berserker
     2 | D        | Noticed a bag of meat
     4 | D        | Fell from the grace of Lugonu
     4 | D        | Became a worshipper of Makhleb the Destroyer
     4 | D        | Noticed a bag of meat
     5 | D        | Noticed a bag of meat
     7 | D        | Killed a meat berserker
     7 | D        | Noticed a meat berserker
     7 | D        | Noticed a bag of meat
     7 | D        | Noticed a meat berserker
     8 | D        | Reached skill level 27 in Dodging
     8 | D        | Reached XP level 2. HP: 16/16 MP: 4/4
     8 | D        | Reached XP level 3. HP: 19/19 MP: 5/5
     8 | D        | Reached XP level 4. HP: 23/23 MP: 6/6
     8 | D        | Reached XP level 5. HP: 27/27 MP: 7/7
     8 | D        | Reached XP level 6. HP: 32/32 MP: 8/8
     8 | D        | Reached XP level 7. HP: 35/35 MP: 9/9
     8 | D        | Reached XP level 8. HP: 39/39 MP: 10/10
     8 | D        | Reached XP level 9. HP: 43/43 MP: 11/11
     8 | D        | Reached XP level 10. HP: 47/47 MP: 12/12
     8 | D        | Reached XP level 11. HP: 51/51 MP: 13/13
     8 | D        | Reached XP level 12. HP: 56/56 MP: 14/14
     8 | D        | Reached XP level 13. HP: 59/59 MP: 15/15
     8 | D        | Killed a meat berserker
     8 | D        | Reached * piety under Makhleb
     9 | D        | Reached XP level 14. HP: 63/63 MP: 16/16
    10 | D        | Killed a meat berserker
    10 | D        | Noticed a meat berserker
    11 | D        | Reached skill level 27 in Axes
    11 | D        | Reached skill level 10 in Fighting
    11 | D        | Reached XP level 15. HP: 80/80 MP: 17/17
    11 | D        | Reached ** piety under Makhleb
    12 | D        | Reached skill level 15 in Fighting
    14 | D        | Reached skill level 15 in Armour
    14 | D        | Reached XP level 16. HP: 98/98 MP: 18/18
    16 | D        | Killed a meat berserker
    16 | D        | Reached *** piety under Makhleb
    17 | D        | Reached XP level 17. HP: 110/110 MP: 19/19
    17 | D        | Noticed a meat berserker
    18 | D        | Noticed a meat berserker
    20 | D        | Reached **** piety under Makhleb
    22 | D        | Killed a meat berserker
    23 | D        | Reached skill level 27 in Fighting
    23 | D        | Reached XP level 18. HP: 127/127 MP: 20/20
    23 | D        | Noticed a destroyer
    24 | D        | Noticed a destroyer
    24 | D        | Noticed a meat berserker
    24 | D        | Noticed a meat berserker
    25 | D        | Killed a meat berserker
    25 | D        | Reached ***** piety under Makhleb
    26 | D        | Reached skill level 27 in Armour
    26 | D        | Reached skill level 5 in Maces & Flails
    26 | D        | Reached skill level 5 in Polearms
    26 | D        | Reached XP level 19. HP: 132/132 MP: 20/32
    28 | D        | Reached skill level 10 in Short Blades
    28 | D        | Reached skill level 10 in Spellcasting
    28 | D        | Noticed a large bag of meat
    29 | D        | Killed a meat berserker
    30 | D        | Reached skill level 10 in Long Blades
    30 | D        | Reached skill level 10 in Maces & Flails
    30 | D        | Reached skill level 10 in Polearms
    30 | D        | Reached skill level 10 in Unarmed Combat
    31 | D        | Noticed The Servant
    32 | D        | Killed a meat berserker
    33 | D        | Reached skill level 15 in Invocations
    33 | D        | Reached XP level 20. HP: 137/137 MP: 21/42
    34 | D        | Noticed a meat berserker
    35 | D        | Reached XP level 21. HP: 142/142 MP: 21/45
    35 | D        | Reached ****** piety under Makhleb
    35 | D        | Demolished by The Servant

Illustrated notes

Levels and vault maps discovered:
D:        meatsprint

Skill      XL: |  1  2  3  4  5  6  7  8  9 10 11 12 13 14 15 16 17 18 19 20 |
---------------+-------------------------------------------------------------+-----
Axes           | 20 25 27 | 27.0
Dodging        | 27 | 27.0
Fighting       | 10 17 21 27 | 27.0
Armour         | 9 15 19 25 27 | 27.0
Short Blades   | 8 16 18 | 18.5
Long Blades    | 6 13 14 | 14.7
Maces & Flails | 5 12 13 | 13.6
Polearms       | 5 12 13 | 13.6
Stealth        | 11 21 24 | 24.2
Unarmed Combat | 6 13 14 | 14.7
Spellcasting   | 8 17 19 | 19.7
Invocations    | 7 15 17 | 17.1

Action                   |  1- 3 |  4- 6 |  7- 9 | 10-12 | 13-15 | 16-18 | 19-21 || total
-------------------------+-------+-------+-------+-------+-------+-------+-------++-------
Melee: Broad axe         |     1 |       |       |       |     4 |     6 |     6 ||    17
Dodge: Dodged            |       |       |       |       |       |       |     1 ||     1
